Cogmind - Beta 13 @@@ ROGUE MODE // 2024.04.03 @ 21:11:06 Player: _An Result: Destroyed by S-10 Pest with Light Assault Rifle Performance ------------- Evolutions (1) 500 Regions Visited (6) 1200 Robots Destroyed (30) 150 Value Destroyed (683) 683 Prototype IDs (0) 0 Alien Tech Used (0) 0 Bonus (300) 300 TOTAL SCORE: 2833 Bonus ------- Aligned with FarCom 300 Cogmind --------- Core Integrity 0/400 Matter 300/300 Energy 66/100 System Corruption 0% Temperature Cool (0) Movement Core (50) Location -8/Mines Parts ------- > --- POWER (1) -------- (None) > --- PROPULSION (3) --- (None) > --- UTILITY (3) ------ (None) > --- WEAPON (2) ------- (None) > --- INVENTORY (5) ---- Flying Fortress v7 Improved Terrain Scanner Peak State ------------ > --- POWER ------------ Light Nuclear Core > --- PROPULSION ------- Aluminum Leg Aluminum Leg Improved Aluminum Leg > --- UTILITY ---------- Heat Sink Improved Heat Sink Small Storage Unit > --- WEAPON ----------- Light EM Pulse Cannon Light EM Pulse Cannon > --- INVENTORY -------- Flying Fortress v7 Improved Terrain Scanner EM Pulse Gun Mining Claw [Rating: 19] Favorites ----------- Power Light Nuclear Core Engine Ion Engine Power Core Light Nuclear Core Propulsion Aluminum Leg Leg Aluminum Leg Wheel Compact Wheel Utility Small Storage Unit Device Improved Heat Sink Storage Small Storage Unit Weapon Light EM Pulse Cannon Energy Gun Medium Laser Energy Cannon Light EM Pulse Cannon Ballistic Gun Light Assault Rifle Slashing Weapon Mining Claw Build | -11 -10 -10 -9 -9 -9 -8 ------- Run | Yrd Mat Min Mat Min Exi Min Slots Evolved 2 | . . . 2 . . . Power . | . . . . . . . Propulsion 1 | . . . 1 . . . Utility 1 | . . . 1 . . . Weapon . | . . . . . . . Parts Attached 26 | 7 3 1 12 . 1 2 Power 4 | 1 1 . 1 . 1 . Engine 2 | 1 . . 1 . . . Core 2 | . 1 . . . 1 . Reactor . | . . . . . . . Propulsion 7 | 2 . 1 4 . . . Treads . | . . . . . . . Leg 4 | . . . 4 . . . Wheel 3 | 2 . 1 . . . . Hover . | . . . . . . . Flight . | . . . . . . . Utility 3 | 1 . . 2 . . . Device 2 | . . . 2 . . . Storage 1 | 1 . . . . . . Processor . | . . . . . . . Hackware . | . . . . . . . Protection . | . . . . . . . Artifact . | . . . . . . . Weapon 12 | 3 2 . 5 . . 2 Energy Gun 4 | 3 . . . . . 1 Energy Cannon 2 | . . . 2 . . . Ballistic Gun 3 | . 2 . 1 . . . Ballistic Cannon . | . . . . . . . Launcher . | . . . . . . . Special Weapon . | . . . . . . . Impact Weapon . | . . . . . . . Slashing Weapon 3 | . . . 2 . . 1 Piercing Weapon . | . . . . . . . Special Melee Weapon . | . . . . . . . Unidentified Prototypes . | . . . . . . . Parts Lost 14 | . . 3 3 . . 8 Power 2 | . . 1 . . . 1 Propulsion 6 | . . 1 2 . . 3 Utility 2 | . . . . . . 2 Weapon 4 | . . 1 1 . . 2 Highest Loss Streak 8 | . . 3 3 . . 8 To Critical Strikes . | . . . . . . . Average Slot Usage (%) 89 | . 84 83 59 100 100 98 Engine 4 | . 11 . 1 11 4 . Core 5 | . 2 14 . . 6 10 Leg 23 | . . . 19 33 33 32 Wheel 6 | . 28 28 4 . . . Device 14 | . . . 5 22 22 22 Storage 11 | . 14 14 11 11 11 11 Energy Gun 4 | . 25 . . . . . Energy Cannon 14 | . . . 4 22 22 21 Ballistic Gun 2 | . 2 26 9 . . . Naked Turns 1 | . . . . . . 1 Heaviest Build 20 | 12 14 12 20 20 20 20 Greatest Support 33 | 32 32 32 33 33 33 33 Greatest Overweight (x) 2 | . . . 2 . . . Average Overweight (x) . | . . . . . . . Largest Inventory Capacity 8 | 8 8 8 8 8 8 8 Average Capacity 7 | 7 8 8 8 8 8 7 Most Carried 8 | 2 6 6 8 7 8 8 Average Carried 6 | 1 2 6 5 7 7 7 Final Capacity 8 | 8 8 8 8 8 8 5 Final Carried 8 | 2 6 6 7 7 8 5 Class Distribution -------------------- 62% | Scavenger-Mutant 37% | Mutant Dominant Class ---------------- Mutant | -10/Materials Mutant | -10/Mines Mutant | -9/Materials Scavenger-Mutant | -9/Mines Scavenger-Mutant | -9/Exiles Scavenger-Mutant | -8/Mines Resources | -11 -10 -10 -9 -9 -9 -8 ----------- Run | Yrd Mat Min Mat Min Exi Min Matter Collected 446 | 171 88 5 117 50 . 15 Remotely . | . . . . . . . Salvage Created 1027 | 141 88 . 294 221 . 283 Parts 67 | 17 2 . 18 15 . 15 Haulers Intercepted . | . . . . . . . Recyclers Shooed 4 | 2 . . 1 . . 1 Parts Field Recycled . | . . . . . . . Retrieved Matter . | . . . . . . . Parts Self-Destructed . | . . . . . . . Prevented . | . . . . . . . Kills | -11 -10 -10 -9 -9 -9 -8 ------- Run | Yrd Mat Min Mat Min Exi Min Combat Hostiles Destroyed 17 | . 2 . 6 5 . 4 Melee 7 | . . . 6 . . 1 Guns 1 | . 1 . . . . . Cannons 7 | . . . . 4 . 3 AOE 1 | . . . . 1 . . Classes Destroyed 6 | 2 1 . 1 2 . . Worker 1 | . . . 1 . . . Tunneler 11 | 5 . . . 2 . 4 Recycler 1 | 1 . . . . . . Swarmer 3 | . . . . 2 . 1 Grunt 13 | . 2 . 6 2 . 3 Brawler 1 | . . . . 1 . . Best Kill Streak 4 | 3 1 . 4 4 . 3 Combat Bots Only 3 | . 1 . 3 3 . 3 Max Kills in Single Turn 1 | 1 1 . 1 1 . 1 Gunslinging . | . . . . . . . Exploded 1 | . . . . 1 . . Melee 1 | . . . 1 . . 1 Uniques/NPCs Destroyed . | . . . . . . . Combat | -11 -10 -10 -9 -9 -9 -8 -------- Run | Yrd Mat Min Mat Min Exi Min Hostile Shots Fired 184 | . 13 9 45 20 . 97 Missed 42 | . 2 . 12 8 . 20 Damage Taken 1754 | . 155 337 443 114 . 705 Core 548 | . 46 97 183 35 . 187 Absorbed by Shields . | . . . . . . . Core Remaining (%) 71 | 100 . 42 . . . . Volleys Fired 82 | 13 15 9 8 12 . 25 Largest 2 | 2 2 2 2 2 . 2 Hottest 112 | 100 100 40 40 112 . 112 Shots Fired 142 | 26 30 17 14 21 . 34 Gun 90 | 26 30 17 14 . . 3 Cannon 52 | . . . . 21 . 31 Launcher . | . . . . . . . Special . | . . . . . . . Kinetic 31 | . . 17 14 . . . Thermal 56 | 26 30 . . . . . Explosive . | . . . . . . . Electromagnetic 55 | . . . . 21 . 34 Robot Hit Streak 12 | 4 11 3 9 9 . 12 Robot Miss Streak 4 | 2 2 3 3 2 . 4 Penetration Max . | . . . . . . . Secondary Targets . | . . . . . . . Shots Hit Robots 108 | 16 18 10 29 11 . 24 Core Hits 43 | 7 4 2 11 8 . 11 Critical Kills . | . . . . . . . Critical Parts Destroyed . | . . . . . . . Critical Strikes 3 | 2 . . . . . 1 Burn 2 | 2 . . . . . . Corrupt 1 | . . . . . . 1 Melee Attacks 31 | . . . 25 . . 6 Impact . | . . . . . . . Slashing 31 | . . . 25 . . 6 Piercing . | . . . . . . . Sneak Attacks 2 | . . . 2 . . . Combat Hostiles . | . . . . . . . Follow-up Attacks . | . . . . . . . Damage Inflicted 1872 | 200 225 73 539 259 . 576 Guns 572 | 200 225 73 74 . . . Cannons 716 | . . . . 233 . 483 Explosions 26 | . . . . 26 . . Melee 558 | . . . 465 . . 93 Ramming . | . . . . . . . Kinetic 147 | . . 73 74 . . . Thermal 451 | 200 225 . . 26 . . Explosive . | . . . . . . . Electromagnetic 716 | . . . . 233 . 483 Impact . | . . . . . . . Slashing 558 | . . . 465 . . 93 Piercing . | . . . . . . . Highest Corruption . | . . . . . . . Average Corruption . | . . . . . . . Corruption Purged . | . . . . . . . Corruption Blocked . | . . . . . . . Overload Shots . | . . . . . . . Overflow Damage 22 | . . . . . . 22 Projectiles 22 | . . . . . . 22 Explosions . | . . . . . . . Melee . | . . . . . . . Knockbacks . | . . . . . . . Impact . | . . . . . . . Kinetic . | . . . . . . . Secondary . | . . . . . . . Self-Inflicted Damage . | . . . . . . . Shots . | . . . . . . . Rammed . | . . . . . . . Targets Rammed . | . . . . . . . Kicked . | . . . . . . . Crushed . | . . . . . . . Highest Temperature 240 | 117 240 8 1 2 . 39 Average Temperature 70 | 48 119 3 1 2 . 10 Received Heat Transfer 528 | . 84 . 291 36 . 117 Siege Activations . | . . . . . . . Robots Corrupted . | . . . . . . . Combat Hostiles . | . . . . . . . Parts Fried 5 | . . . . . . 5 Impact Corruptions . | . . . . . . . Robots Melted 1 | . 1 . . . . . Combat Hostiles 1 | . 1 . . . . . Parts Melted 8 | 3 5 . . . . . Heat Transferred 1456 | 740 666 . . 50 . . Parts Sabotaged . | . . . . . . . Parts Stolen . | . . . . . . . Parts Stripped . | . . . . . . . Power Chain Reactions 1 | . . . . 1 . . Alert | -11 -10 -10 -9 -9 -9 -8 ------- Run | Yrd Mat Min Mat Min Exi Min Peak Influence 194 | 30 129 . 150 194 . 90 Initial 58 | . 19 . . 58 . . Average 55 | 10 53 . 79 148 . 13 Maximum Alert Level . | . . . . . . . Low Security (%) 100 | 100 100 100 100 100 . 100 Level 1 . | . . . . . . . Level 2 . | . . . . . . . Level 3 . | . . . . . . . Level 4 . | . . . . . . . Level 5 . | . . . . . . . High Security . | . . . . . . . Max Security . | . . . . . . . Squads Dispatched . | . . . . . . . Investigation . | . . . . . . . Extermination . | . . . . . . . Reinforcement . | . . . . . . . Assault . | . . . . . . . Garrison . | . . . . . . . Intercept . | . . . . . . . Searches Triggered . | . . . . . . . Construction Impeded . | . . . . . . . Haulers Reinforced . | . . . . . . . Active Scanning Responses . | . . . . . . . Cargo Convoy Interrupts . | . . . . . . . Stealth | -11 -10 -10 -9 -9 -9 -8 --------- Run | Yrd Mat Min Mat Min Exi Min Distress Signals 3 | . 1 . 2 . . . Communications Jammed . | . . . . . . . Distress Signals . | . . . . . . . Times Spotted 54 | . 7 20 13 7 . 7 Peak Tracking Total 19 | . 3 19 6 3 . 4 Tactical Retreats 2 | . 2 . . . . . Traps | -11 -10 -10 -9 -9 -9 -8 ------- Run | Yrd Mat Min Mat Min Exi Min Traps Triggered . | . . . . . . . Indirectly . | . . . . . . . Trap Hack Attempts . | . . . . . . . Triggered . | . . . . . . . Disarmed . | . . . . . . . Reprogrammed . | . . . . . . . Reused . | . . . . . . . Traps Extracted . | . . . . . . . Installed . | . . . . . . . Triggered . | . . . . . . . Machines | -11 -10 -10 -9 -9 -9 -8 ---------- Run | Yrd Mat Min Mat Min Exi Min Machines Disabled 1 | . . . . 1 . . Max in Single Turn 1 | . . . . 1 . . Machines Repaired . | . . . . . . . Machines Dismantled . | . . . . . . . Machines Sabotaged . | . . . . . . . Overloaded Fab Kills . | . . . . . . . Hacking | -11 -10 -10 -9 -9 -9 -8 --------- Run | Yrd Mat Min Mat Min Exi Min Machines Accessed 4 | . 1 . 3 . . . Terminals 4 | . 1 . 3 . . . Fabricators . | . . . . . . . Repair Stations . | . . . . . . . Recycling Units . | . . . . . . . Scanalyzers . | . . . . . . . Garrison Access . | . . . . . . . Total Hacks 12 | . 2 . 10 . . . Successful 4 | . 1 . 3 . . . Failed 8 | . 1 . 7 . . . Catastrophic 3 | . 1 . 2 . . . Database Lockouts . | . . . . . . . Manual 13 | . 2 . 10 . 1 . Terminals 12 | . 2 . 10 . . . Fabricators . | . . . . . . . Repair Stations . | . . . . . . . Recycling Units . | . . . . . . . Scanalyzers . | . . . . . . . Garrison Access . | . . . . . . . Terminal Hacks . | . . . . . . . Fabricator Hacks . | . . . . . . . Repair Station Hacks . | . . . . . . . Recycling Unit Hacks . | . . . . . . . Scanalyzer . | . . . . . . . Garrison Access Hacks . | . . . . . . . Unauthorized Hacks 4 | . 1 . 3 . . . Terminals 4 | . 1 . 3 . . . Botnet 4 | . 1 . 3 . . . Fabricators . | . . . . . . . Repair Stations . | . . . . . . . Recycling Units . | . . . . . . . Scanalyzers . | . . . . . . . Garrison Access . | . . . . . . . Data Cores Recovered . | . . . . . . . Used . | . . . . . . . Hacking Detections 4 | . 1 . 3 . . . Full Trace Events . | . . . . . . . Feedback Events . | . . . . . . . Feedback Blocked . | . . . . . . . Robot Schematics Acquired . | . . . . . . . Robots Built . | . . . . . . . Authchips . | . . . . . . . Time . | . . . . . . . Total Robot Build Rating . | . . . . . . . Part Schematics Acquired . | . . . . . . . Parts Built . | . . . . . . . Authchips . | . . . . . . . Time . | . . . . . . . Total Part Build Rating . | . . . . . . . Parts Repaired . | . . . . . . . Time . | . . . . . . . Parts Recycled . | . . . . . . . Recycled Matter . | . . . . . . . Retrieved Matter . | . . . . . . . Retrieved Components . | . . . . . . . Parts Scanalyzed . | . . . . . . . Part Schematics Acquired . | . . . . . . . Parts Damaged . | . . . . . . . Bothacking | -11 -10 -10 -9 -9 -9 -8 ------------ Run | Yrd Mat Min Mat Min Exi Min Used RIF Installer . | . . . . . . . Robots Hacked . | . . . . . . . Non-combat . | . . . . . . . Combat . | . . . . . . . Robot Hacks Applied . | . . . . . . . Relay Couplers Released . | . . . . . . . Fabnet Peak Effective % . | . . . . . . . Robots Rewired . | . . . . . . . Allies Hacked . | . . . . . . . Hacks Repelled . | . . . . . . . Allies | -11 -10 -10 -9 -9 -9 -8 -------- Run | Yrd Mat Min Mat Min Exi Min Total Allies . | . . . . . . . Largest Group . | . . . . . . . Highest-Rated Group . | . . . . . . . Highest-Rated Ally . | . . . . . . . Total Orders . | . . . . . . . Ally Attacks . | . . . . . . . Total Damage . | . . . . . . . Kills . | . . . . . . . Allies Corrupted . | . . . . . . . Allies Melted . | . . . . . . . Intel | -11 -10 -10 -9 -9 -9 -8 ------- Run | Yrd Mat Min Mat Min Exi Min Robot Analysis Total . | . . . . . . . Derelict Logs Recovered 1 | . . . . 1 . . Drone Launches . | . . . . . . . Drone Recoveries . | . . . . . . . Exploration | -11 -10 -10 -9 -9 -9 -8 ------------- Run | Yrd Mat Min Mat Min Exi Min Turns Passed 2588 | 140 453 69 394 385 341 806 Spaces Moved 1807 | 92 339 46 211 282 279 558 Core 8 | 6 . . 1 . . 1 Treads . | . . . . . . . Legs 1279 | . . . 161 282 279 557 Wheels 520 | 86 339 46 49 . . . Hover . | . . . . . . . Flight . | . . . . . . . Fastest Speed 50 | 50 100 90 90 120 120 50 Average Speed 113 | 96 100 99 113 120 120 119 Slowest Speed 150 | 100 100 100 150 120 120 120 Overloaded Moves . | . . . . . . . Propulsion Burnouts . | . . . . . . . Robots Hopped . | . . . . . . . Cave-ins Triggered . | . . . . . . . Exploration Rate (%) 42 | 6 34 14 25 62 63 96 Regions Visited 6 Branch Regions 4 Pre-discovered Areas . | . . . . . . . Known Exits Taken . | . . . . . . . Unknown Exits Taken 6 | 1 1 1 1 1 1 . Scrap Searched 2 | . . . . 1 . 1 Spaces Dug . | . . . . . . . Terrain Destroyed 1 | . . . . 1 . . Melee . | . . . . . . . Projectile . | . . . . . . . AOE 1 | . . . . 1 . . Terrain Rammed . | . . . . . . . Walls Destroyed . | . . . . . . . Machines Disabled . | . . . . . . . Actions | -11 -10 -10 -9 -9 -9 -8 --------- Run | Yrd Mat Min Mat Min Exi Min Total 2137 | 113 423 55 302 307 288 649 Wait 174 | . 60 . 43 14 . 57 Move 1801 | 91 338 45 210 281 278 558 Hop . | . . . . . . . Pick Up 7 | 1 3 . . . 3 . Fast Attach 18 | 7 2 1 8 . . . Attach 6 | . . . 3 . 1 2 Detach 7 | 1 2 . 3 . 1 . Swap 2 | . 1 . 1 . . . Drop 9 | . 2 . 1 . 5 1 Fire 82 | 13 15 9 8 12 . 25 Melee 31 | . . . 25 . . 6 Ram . | . . . . . . . Kick . | . . . . . . . Crush . | . . . . . . . Escape Stasis . | . . . . . . . Rewire . | . . . . . . . Trap . | . . . . . . . Miscellaneous . | . . . . . . . Route ------- -11/Scrapyard -10/Materials -10/Mines -9/Materials -9/Mines (discovered 2 exits: [*Mat] / *Exi) -9/Exiles (discovered 2 exits: [*Min x2]) -8/Mines (discovered 2 exits: [*Mat x2]) History --------- Turn | Location | Event 2 | -11/Scrapyard | Met Revision 17 32 | -11/Scrapyard | Discovered new exit (range 15) 141 | -11/Scrapyard | Entered Materials 313 | -10/Materials | Build established: Mutant 523 | -10/Materials | Discovered new exit (range 14) 594 | -10/Materials | Entered Mines 607 | -10/Mines | Discovered new exit (range 11) 642 | -10/Mines | Assembled infested the area 647 | -10/Mines | Assisted by a Guerilla fighting off Assembled 654 | -10/Mines | Core integrity fell below 50% 663 | -10/Mines | Entered Materials 663 | -9/Materials | Evolved 2 slots: Propulsion x1, Utility x1 692 | -9/Materials | Lost 3 parts (1p1n1w) 793 | -9/Materials | Lost 3 parts (2n1w) 1020 | -9/Materials | Discovered new exit (range 16) 1057 | -9/Materials | Entered Mines 1065 | -9/Mines | Met a Derelict bent on vengeance 1133 | -9/Mines | Core integrity fell below 50% 1229 | -9/Mines | Discovered new exit (range 5) 1234 | -9/Mines | Build established: Scavenger-Mutant 1308 | -9/Mines | Learned Materials stockpile data 1436 | -9/Mines | Deemed a non-threat by the Exiles lab entrance 1437 | -9/Mines | Discovered new exit (range 5) 1442 | -9/Mines | Entered Exiles 1460 | -9/Exiles | Discovered new exit (range 15) 1478 | -9/Exiles | Met 8R-AWN 1501 | -9/Exiles | Met EX-HEX 1540 | -9/Exiles | Met EX-BIN 1554 | -9/Exiles | Aligned with FarCom system 1555 | -9/Exiles | Given EX-Vault access code 1585 | -9/Exiles | Opened EX-Vault 1595 | -9/Exiles | Found Prototype Flight Unit 1621 | -9/Exiles | Warned to stay clear of 0b10 Research branches 1652 | -9/Exiles | Met EX-DEC 1697 | -9/Exiles | Discovered new exit (range 10) 1783 | -9/Exiles | Left Exiles lab with Flying Fortress v7 1783 | -9/Exiles | Entered Mines 1839 | -8/Mines | Discovered new exit (range 10) 2435 | -8/Mines | Discovered new exit (range 6) 2555 | -8/Mines | Core integrity fell below 20% 2588 | -8/Mines | Released all parts (2) 2589 | -8/Mines | Destroyed by S-10 Pest with Light Assault Rifle Last Messages --------------- Found Imp. Sensor Array. Found 21 Matter. K-01 Serf collects debris. EXIT=FOUND C-30 ARC bursts open, deploying its payload. S-10 Pest unfolds itself. Destroyed Flight Unit. Dropped Lgt. EM Pulse Cannon. Lgt. EM Pulse Cannon destroyed. S-10 Pest destroyed. Acquired 5 matter. Aluminum Leg destroyed. Imp. Aluminum Leg destroyed. Aluminum Leg destroyed. Lgt. Nuclear Core destroyed. Heat Sink destroyed. Imp. Heat Sink destroyed. EM Pulse Gun destroyed. Released Sml. Storage Unit. Released Mining Claw. Map ----- +----------------------------------------------------+ | | | | | | | ????????????????????????????????????? | | ????????????????????????????????????? | | ?????????????########???????????????? | | ???########### """ #???????????????? | | ???# """ #???????????????? | | ???# ######### """ #???????????????? | | #### #???????# #???????????????? | | #???????# #???????????????? | | ######???????# #???????????????? | | ?????????????########???????????????? | | ????????????????????????????????????? | | ????????????????????????????????????? | | ????????????????????####????????????? | | ???????????????????## ##???????????? | | ?????????????????### #######?????? | | #???????????????## ##????? | | #???????????????# ####?? | | #???????????????# ##? | | ?????????????????# % #? | | ?????????????????#### ## #? | | ????????????????????## #### ##? | | ?????????????????????# #??# ##?? | | ?????????????????????# @#??# #??? | | ##???????????????????# s!]#??# ##?? | | ##??????????????????# /!#??## #?? | | #??????????????????# s s#??## ##? | | #??????????????????## ##??# #? | | ##???????????????????####???# #? | | ##??????????????????????????# ##? | | ##?????????????????????????# ##?? | | ##???????????????????????## #??? | | ##????????????????????### ##??? | | ###???????????????#### ##??? | | # ##########?????## #??? | | # #?????# #??? | | #?????# ##??? | | ###### ##????# ##??? | | #????## ##???## #??? | | #???## ####### #??? | | ## #??# < #?## ## #?? | | ###### #??# ### #??# ### #? | | ##?????###??# #### #### #?? #? | | #???????????## #?? #? | | ##???????????## #?? #? | | ##???????????#### ##########?? ##? | | ##?????????????# #??????## ?? ##?? | | #?????????????# #?????# ??###??? | +----------------------------------------------------+ Best States ------------- Heat Dissipation 52 Energy Generation 14 Energy Capacity 250 Matter Stores 300 Matter Capacity 300 Sight Range 16 Terrain Scan Density 10 Evasion (%) 55 Item Schematics ----------------- None Robot Schematics ------------------ None Fabricated ------------ Nothing Alien Tech Used ----------------- None Achievements -------------- I Survived The Infestation Challenges ------------ None Game ------ Seed FocalReactionCutter Manual? 0 Play Time 00:16:46 Cumulative 6.7 hours Start 2024.04.03 @ 20:55:09 End 2024.04.03 @ 21:11:06 Sessions 1 Manual Loads 0 Difficulty Rogue Special Mode None Game No. 15 Rogue 15 Adventurer 0 Explorer 0 Win Type - Total 0 Types 0/0/0/0/0/0/0/0/0 Lore% 6 Gallery% 15 Achievement% 15 Wizard Run 0 Options --------- Layout 1 ASCII 0 Keyboard 1 Movement Numpad Keybinds 0 Fullscreen 1 Font 32/SmallcapsGlow Map View 50x35 Zoom Use 0% Tactical HUD 0 Map Filters NONE Filters NONE Steam 1 RUN: 72c689c2-0044-4ee4-8822-d8b433bed1c3